 Dungeon Crawl Stone Soup version 0.32-a0-42-ga30500b4d3 (webtiles) character file.

Game seed: 4013069202212662474

1853 Ceno the Destroyer (level 9, -11/55 HPs)
             Began as a Tengu Reaver on Feb 2, 2024.
             Was a Believer of Vehumet.
             Killed from afar by Maggie (29 damage)
             ... with a bolt of fire
             ... on level 7 of the Dungeon.
             The game lasted 00:29:14 (8194 turns).

Ceno the Destroyer (Tengu Reaver)                   Turns: 8194, Time: 00:29:18

Health: -11/55     AC:  7    Str: 12    XL:     9   Next: 12%
Magic:  4/13       EV: 17    Int: 16    God:    Vehumet [**....]
Gold:   317        SH:  0    Dex: 15    Spells: 6/12 levels left

rFire   . . .        C - +4 falchion (holy)
rCold   + . .        (no shield)
rNeg    . . .        p - +3 leather armour {rC+}
rPois   .            (helmet restricted)
rElec   .            (no cloak)
rCorr   .            d - +0 pair of gloves
SInv    +            (boots unavailable)
Will    .....        (no amulet)
Stlth   +            B - ring of see invisible
HPRegen 0.29/turn    (no ring)
MPRegen 0.13/turn

%: acrobat
@: flying
A: beak, talons 3, evasive flight, acrobatic
a: Renounce Religion


You were on level 7 of the Dungeon.
You worshipped Vehumet.
Vehumet was pleased with you.
You visited 2 branches of the dungeon, and saw 8 of its levels.

You collected 317 gold pieces.

Inventory:

Hand Weapons
 C - a +4 falchion of holy wrath (weapon)
Missiles
 c - 8 boomerangs
 j - 23 stones (quivered)
 r - 3 poisoned darts
 w - 3 throwing nets
 x - 3 javelins
Armour
 b - a +0 leather armour
 d - a +0 pair of gloves (worn)
 p - a +3 leather armour of cold resistance (worn)
Jewellery
 u - a ring of fire
 B - a ring of see invisible (left hand)
Wands
 a - a wand of flame (19)
 n - a wand of digging (7)
 o - a wand of mindburst (19)
 E - a wand of paralysis (12)
Scrolls
 i - a scroll of torment {unknown}
 l - 3 scrolls of fear
 s - a scroll of fog {unknown}
 v - a scroll of poison {unknown}
 y - a scroll of silence {unknown}
Potions
 f - 2 potions of brilliance
 g - 3 potions of berserk rage
 h - 4 potions of lignification
 k - 4 potions of curing
 m - a potion of attraction
 q - a potion of ambrosia
 t - a potion of heal wounds
 A - a potion of resistance {unknown}
 D - a potion of magic {unknown}


   Skills:
 + Level 6.0 Fighting
 + Level 8.2 Long Blades
 + Level 5.2 Dodging
 - Level 2.0 Spellcasting
 + Level 8.5 Conjurations


You had 6 spell levels left.
You knew the following spells:

 Your Spells              Type           Power      Damage    Failure   Level
a - Kiss of Death         Conj/Necr      60%        2d10      4%          1
b - Momentum Strike       Conj/Tloc      30%        3d8       7%          2
c - Hailstorm             Conj/Ice       15%        3d6       14%         3

Your spell library contained the following spells:

 Spells                   Type           Power      Damage    Failure   Level
 Sting                    Conj/Alch      60%        1d6       4%          1
 Scorch                   Fire           2%         2d5       36%         2
 Flame Wave               Conj/Fire      15%        2d7       41%         4
 Summon Cactus Giant      Summ           0%         N/A       100%        6


Dungeon Overview and Level Annotations

Branches:
Dungeon (7/15)             Temple (1/1) D:4

Altars:
Dithmenos
Elyvilon
Fedhas
Gozag
Hepliaklqana
Kikubaaqudgha
Makhleb
Nemelex Xobeh
Okawaru
Qazlal
Ru
Trog
Uskayaw
Vehumet
Wu Jian
Yredelemnul
Zin
The Shining One

Shops:
D:1 [   D:2 *   D:3 :

Annotations:
D:2 1 runed translucent door, Crazy Yiuf, Sigmund
D:3 3 runed translucent doors, lucidstorm14's ghost, amateur MiBe
D:7 Maggie


Innate Abilities, Weirdness & Mutations

You have a beak for a mouth.
You have claws for feet.
Your magical flight helps you evade attacks. (EV +4)
You can magically evade attacks while moving or waiting.


Message History

Maggie is heavily wounded.
Maggie completely misses you.
You hit Maggie but do no damage.
Maggie is heavily wounded.
You hit Maggie but do no damage. You claw Maggie.
Maggie is heavily wounded.
Maggie mumbles some strange words.
Maggie draws you further into her thrall.
You hit Maggie. Your peck misses Maggie.
Maggie is heavily wounded.
Maggie casts a spell.
Maggie draws you further into her thrall.
You completely miss Maggie. You claw Maggie, but do no damage.
Maggie is heavily wounded.
Maggie completely misses you.
You hit Maggie but do no damage. Your peck misses Maggie.
Maggie is heavily wounded.
Maggie hits you with a +2 halberd of flaming!
Maggie burns you.
You hit Maggie. You peck Maggie, but do no damage.
Maggie is heavily wounded.
Maggie hits you with a +2 halberd of flaming.
Maggie burns you.
You barely miss Maggie. Your peck misses Maggie.
Maggie is heavily wounded.
Maggie misses you.
You are too mesmerised to rage.
You hit Maggie but do no damage. You claw Maggie, but do no damage.
Your peck misses Maggie.
Maggie is heavily wounded.
Maggie hits you with a +2 halberd of flaming!
Maggie burns you.
Okay, then.
Your magical effects are unravelling.
You feel magically purged.
You break out of your daze.
Maggie points at you and mumbles some strange words.
The bolt of fire hits you!!
Ouch! That really hurt!
You die...

## .# .# .# .# .######
#######......#
#.....@......#
#######.#####@######
.........# h....
#+#########..######.#
#.#.....# #.........######
#.#.###.####.##.<.........
#.#.# #......##.).........
#.#.###..######..)).......
#.#......#...^'...........


You could see Maggie and a howler monkey.

Vanquished Creatures
  A water moccasin (D:6)
  3 ice beasts
  An ogre (D:4)
  3 bullfrogs
  3 gnoll sergeants
  A scorpion (D:6)
  A howler monkey (D:7)
  2 bombardier beetles
  2 hounds (D:6)
  A jelly (D:5)
  2 gnoll boudas
  Ijyb (D:3)
  5 iguanas
  2 orc wizards (D:7)
  Robin (D:2)
  28 gnolls
  5 adders
  2 white imps (D:6)
  2 ufetubi (D:5)
  7 dart slugs
  4 ribbon worms
  14 orcs
  8 bats
  8 endoplasms
  A giant cockroach (D:1)
  15 goblins
  10 hobgoblins
  7 jackals
  5 quokkas
  8 ball pythons
  A frilled lizard (D:2)
  3 kobolds
  3 rats
160 creatures vanquished.

Notes
Turn   | Place    | Note
-------+----------+-------------------------------------------
     0 | D:1      | Ceno the Tengu Reaver began the quest for the Orb.
     0 | D:1      | Reached XP level 1. HP: 12/12 MP: 4/4
    87 | D:1      | Found Imometri's Armour Boutique.
   406 | D:1      | Reached XP level 2. HP: 15/17 MP: 6/6
   409 | D:1      | Learned a level 2 spell: Momentum Strike
  1066 | D:2      | Reached XP level 3. HP: 22/22 MP: 4/7
  1171 | D:2      | Noticed Robin
  1213 | D:2      | Killed Robin
  1214 | D:2      | Reached XP level 4. HP: 17/27 MP: 5/8
  1287 | D:2      | Found Fovyddaal's General Store.
  1750 | D:2      | Noticed Sigmund
  2085 | D:2      | Found a runed translucent door.
  2086 | D:2      | Noticed Crazy Yiuf
  2412 | D:3      | Found a hazy altar of Hepliaklqana.
  2565 | D:3      | Reached skill level 5 in Long Blades
  2565 | D:3      | Reached skill level 5 in Conjurations
  2565 | D:3      | Reached XP level 5. HP: 19/30 MP: 7/9
  2903 | D:3      | Found a glowing golden altar of the Shining One.
  2931 | D:3      | Found a shadowy altar of Dithmenos.
  3038 | D:3      | Found a runed translucent gate.
  3038 | D:3      | Found a runed translucent gate.
  3038 | D:3      | Found a runed translucent gate.
  3114 | D:3      | Noticed Ijyb
  3129 | D:3      | Killed Ijyb
  3130 | D:3      | Reached XP level 6. HP: 4/34 MP: 2/10
  3316 | D:3      | Found Ycviqid's Book Emporium.
  3347 | D:3      | Noticed lucidstorm14's ghost (amateur MiBe)
  3364 | D:3      | Noticed a +0 hand axe
  3364 | D:3      | Noticed a +0 hand axe
  3365 | D:3      | Found a hide-covered altar of Uskayaw.
  3935 | D:4      | Found a staircase to the Ecumenical Temple.
  3943 | Temple   | Entered the Ecumenical Temple
  3950 | Temple   | Became a worshipper of Vehumet
  4184 | D:4      | HP: 1/26 [gnoll/+0 spear[a gnoll bouda] (2)]
  4419 | D:4      | Noticed an ice beast
  4437 | D:4      | Killed an ice beast
  4438 | D:4      | Gained mutation: Your magical flight helps you evade
                  | attacks. (EV +4) [Tengu growth]
  4438 | D:4      | Reached XP level 7. HP: 28/39 MP: 9/11
  4647 | D:4      | Found an opulent altar of Gozag.
  4778 | D:4      | Identified the +3 dagger of Ruination {freeze, *Noise Fly
                  | Str+5}
  4924 | D:5      | Entered Level 5 of the Dungeon
  6327 | D:5      | Learned a level 3 spell: Hailstorm
  6511 | D:6      | Reached XP level 8. HP: 38/44 MP: 3/12
  6516 | D:5      | Reached * piety under Vehumet
  6516 | D:5      | Offered knowledge of Magic Dart by Vehumet.
  6708 | D:6      | Found a sparkling altar of Nemelex Xobeh.
  6809 | D:6      | Reached skill level 5 in Fighting
  7720 | D:6      | Offered knowledge of Sting by Vehumet.
  7742 | D:6      | Reached ** piety under Vehumet
  7872 | D:6      | Found an ornate altar of the Wu Jian Council.
  7917 | D:7      | Reached XP level 9. HP: 55/55 MP: 9/13
  7924 | D:7      | Reached skill level 5 in Dodging
  8079 | D:7      | Found an iron altar of Okawaru.
  8178 | D:7      | Noticed Maggie
  8194 | D:7      | Killed from afar by Maggie

Illustrated notes

Levels and vault maps discovered:
D:1:      minmay_arrival_stair_chambers, layout_loops_cross, serial_shops, shop,
          amcnicky_mini_corridor_feature
D:2:      wander_river, layout_basic, serial_shops, shop_coins,
          chequers_serial_rivers_micro_e, minmay_tetromino_l4, uniq_robin,
          uniq_sigmund, uniq_crazy_yiuf_cottage
D:3:      layout_basic, dancing_weapons_uskayaw,
          nicolae_hepliaklqana_hippocampus, mainiacjoe_overflow_large_starburst,
          gammafunk_ghost_icy, serial_shops, shop, uniq_ijyb
D:4:      layout_gridville, grunt_gozag_statues,
          minmay_temple_entry_glassed_door, nrook_loot_triangle,
          minmay_goblin_kobold_house
D:5:      layout_cave_pods, kennysheep_another_room, hangedman_decor_lopped
D:6:      layout_rooms, pdpol_wu_jian_five_deadly_venoms,
          nemelex_diamond_rough_becter, chequers_hall_statues_wall_a,
          lightli_orcish_oven
D:7:      layout_basic, regret_index_xom_buried_treasure,
          mainiacjoe_overflow_catwalk, uniq_maggie
Temple:   nicolae_temple_ecumenical_triangle

Skill      XL: |  1  2  3  4  5  6  7  8  9 |
---------------+----------------------------+-----
Long Blades    | 4 5 6 7 8 |  8.2
Fighting       | 3 4 5 6 |  6.0
Conjurations   | 5 6 8 |  8.5
Dodging        | 3 4 5 |  5.2
Spellcasting   | |  2.0

Action                     |  1- 3 |  4- 6 |  7- 9 || total
---------------------------+-------+-------+-------++-------
  Melee: Falchion          |    84 |   178 |   197 ||   459
         Kick              |    13 |    52 |    56 ||   121
         Peck              |     7 |    34 |    44 ||    85
         Punch             |       |     3 |     3 ||     6
  Throw: Stone             |     1 |     9 |     8 ||    18
         Dart              |       |     2 |     3 ||     5
   Cast: Momentum Strike   |     5 |    13 |    11 ||    29
         Kiss of Death     |       |     4 |     1 ||     5
         Hailstorm         |       |       |    37 ||    37
    Use: Scroll            |       |     3 |     6 ||     9
         Potion            |       |       |     1 ||     1
 Armour: Leather armour    |    38 |    78 |    90 ||   206
  Dodge: Dodged            |    62 |   117 |   166 ||   345

Table legend: (Time is in decaauts)
 A = Elapsed time spent in this place.
 B = Non-inter-level travel time spent in this place.
 C = Inter-level travel time spent in this place.
 D = Time resting spent in this place.
 E = Time spent auto-exploring this place.
 F = Levels seen in this place.
 G = Mean time per level.
                   A        B        C        D        E       F      G
               +--------+--------+--------+--------+--------+-----+--------+
         Total |   8242 |   7989 |    253 |   1900 |   3389 |   8 | 1030.2 |
       Dungeon |   8227 |   7980 |    247 |   1900 |   3389 |   7 | 1175.3 |
        Temple |     14 |      8 |      6 |      0 |      0 |   1 |   14.0 |
               +--------+--------+--------+--------+--------+-----+--------+

Top non-repeatable levels by time:
     D:5: 1662 daAuts
     D:3: 1648 daAuts
     D:2: 1496 daAuts
     D:4: 1230 daAuts
     D:6: 1040 daAuts
     D:1: 870 daAuts
     D:7: 277 daAuts
  Temple: 14 daAuts
